cohdb
Replays
Latest Replays
All Replays
Popular Replays
Top Player Replays
Match Explorer
How It Works
Community
CoH3 Stats
Reddit
Sign in to upload your games and track your stats! →
Sign in with Steam
Match 41293475
Unlisted
Match 41293475
Overview
Messages
Build Orders
End
Construct Infanterie Kompanie
Selects Italian Coastal Battlegroup
Selects Italian Coastal Battlegroup
Selects Coastal Reserves
MG 42 Machine Gun Team
GrW 34 Mortar Team
GrW 34 Mortar Team
Medical Station
Construct Panzergrenadier Kompanie
Panzergrenadier Squad
Panzergrenadier Squad
Support Elements
Nebelwerfer 42 Rocket Launcher Team
Selects Artillery Officer
Panzergrenadier Officer Quarters
Nebelwerfer 42 Rocket Launcher Team
Panzergrenadier Squad
Construct Panzer Kompanie
Selects Obice da 210/22 Artillery Emplacement
Panzer IV Medium Tank
beSO
Valdai
ABUSADOR DE TROSKAS
V1rus
DuDe
rat.tat
Zetty
zombie land SAGA
0
0
Comments
sign in to comment!
No comments posted yet!